 Dungeon Sprint DCSS version 0.31-a0-844-gdc52ec4e09 (webtiles) character file.

Game seed: 2655129031013381931

80 sircluck the Ruffian (level 4, -4/73 HPs)
             Began as a Troll Berserker on Sept 29, 2023.
             Was a Follower of Trog.
             Slain by a basilisk (14 damage)
             ... in the Dungeon (Sprint VII: "The Pits").
             The game lasted 00:00:11 (29 turns).

sircluck the Ruffian (Troll Berserker)                Turns: 29, Time: 00:00:12

Health: -4/73      AC:  4    Str: 27    XL:     4   Next: 18%
Magic:  3/3        EV: 10    Int:  3    God:    Trog [*.....]
Gold:   0          SH:  0    Dex:  9    Spells: 3/3 levels left

rFire   . .          .
                       - Unarmed
rCold   . . .        (no shield)
rNeg    . . .        a - +0 animal skin
rPois   .            (helmet restricted)
rElec   .            (no cloak)
rCorr   .            (gloves unavailable)
SInv    .            (boots unavailable)
Will    .....        (no amulet) Stlth
                     (no ring)
HPRegen 1.12/turn    (no ring)
MPRegen 0.08/turn

%: no teleportation
@: berserking, very quick
A: large, unfitting armour, claws 3, regeneration 1, shaggy fur 1, tough skin 1
a: Renounce Religion, Berserk


You were in the Dungeon.
You worshipped Trog.
Trog was aware of your devotion.
You visited 1 branch

Inventory:

Armour
 a - a +0 animal skin (worn)
Scrolls
 g - a scroll of blinking
Potions
 b - a potion of curing
 c - a potion of heal wounds
 d - a potion of haste
 e - 2 potions of magic
 f - a potion of berserk rage


   Skills:
 + Level 4.6 Fighting
 + Level 4.6 Dodging
 + Level 5.5 Unarmed Combat


You had 3 spell levels left.
You didn't know any spells.
Your spell library was empty.

Dungeon Overview and Level Annotations

Branches:
Dungeon (1/1)

Altars:


Innate Abilities, Weirdness & Mutations

You are too large for most types of armour.
You have claws for hands.
Your natural rate of healing is unusually fast.
You are covered in fur. (AC +1)
You have tough skin. (AC +1)


Message History

A basilisk and a wolf come into view.
The basilisk hisses angrily.
The wolf howls! x2; You hear a howl! x2
A wolf comes into view.
There is a huge open gate here.
A red film seems to cover your vision as you go berserk!
You feel yourself moving faster!
You feel mighty! The wolf bites you.
A vampire mosquito comes into view.
The vampire mosquito buzzes angrily.
You claw the wolf!
The wolf is moderately wounded.
The wolf bites you!
You mangle the wolf!!
You kill the wolf!
Trog accepts your kill. The wolf bites you!
Your Fighting skill gained 2 levels and is now at level 4!
Your Dodging skill gained 2 levels and is now at level 4!
Your Unarmed Combat skill gained 2 levels and is now at level 5!
You have reached level 2!
You have reached level 3!
Your experience leads to an increase in your attributes!
Increase (S)trength, (I)ntelligence, or (D)exterity?
You feel stronger. x3
You have reached level 4!
Unknown command.
Unknown command.
Unknown command.
You barely miss the wolf. The wolf misses you. The wolf bites you.
A wolf comes into view.
The wolf bites you. x2
* * * LOW HITPOINT WARNING * * *
You miss the wolf.
The wolf howls!
The wolf bites you but does no damage. The wolf bites you.
* * * LOW HITPOINT WARNING * * *
You barely miss the wolf. The wolf bites you but does no damage.
The wolf bites you!
* * * LOW HITPOINT WARNING * * *
The basilisk bites you!
You die...

#######++##########
..............##..#
....#..#......##..#
..............''..#
..............''@h#
....#..#......##hl..h...
..............##.y......
#'#####++###############
.....# .....# .....#
.<...# .....#


You could see a basilisk, a vampire mosquito and 3 wolves.

Vanquished Creatures
  A wolf (D)
1 creature vanquished.

Notes
Turn   | Place    | Note
-------+----------+-------------------------------------------
     0 | D        | sircluck the Troll Berserker began the quest for the Orb.
     0 | D        | Reached XP level 1. HP: 22/22 MP: 0/0
    21 | D        | Noticed a wolf
    22 | D        | Noticed a basilisk
    22 | D        | Noticed a wolf
    22 | D        | Noticed a wolf
    24 | D        | Noticed a vampire mosquito
    26 | D        | Killed a wolf
    27 | D        | Reached skill level 5 in Unarmed Combat
    27 | D        | Reached XP level 2. HP: 19/33 MP: 1/1
    27 | D        | Reached XP level 3. HP: 24/40 MP: 2/2
    27 | D        | Reached XP level 4. HP: 29/49 MP: 3/3
    27 | D        | Noticed a wolf
    29 | D        | Slain by a basilisk

Illustrated notes

Levels and vault maps discovered:
D:        pitsprint [storerooms_1, entrance_room_1, metal_vault_5, armoury_1,
          mini_pit_1, grid_room_1, main_hall_1, silver_pit, the_coven_3,
          the_vestibule_1, steel_vault_4, golden_pit, hallway_of_sentries,
          crystal_vault_1, iron_vault_4, final_vault]

Skill      XL: |  1 |
---------------+----+-----
Fighting       | 4 |  4.6
Dodging        | 4 |  4.6
Unarmed Combat | 5 |  5.5

Action                     |  1- 3 |  4- 6 || total
---------------------------+-------+-------++-------
  Melee: Unarmed           |     2 |     3 ||     5
 Invoke: Berserk           |     1 |       ||     1
 Armour: Animal skin       |     3 |     8 ||    11
  Dodge: Dodged            |       |     1 ||     1

Table legend: (Time is in decaauts)
 A = Elapsed time spent in this place.
 B = Non-inter-level travel time spent in this place.
 C = Inter-level travel time spent in this place.
 D = Time resting spent in this place.
 E = Time spent auto-exploring this place.
 F = Levels seen in this place.
 G = Mean time per level.
                   A        B        C        D        E       F      G
               +--------+--------+--------+--------+--------+-----+--------+
         Total |     27 |     27 |      0 |      0 |      0 |   1 |   27.0 |
       Dungeon |     27 |     27 |      0 |      0 |      0 |   1 |   27.0 |
               +--------+--------+--------+--------+--------+-----+--------+

Top non-repeatable levels by time:
       D: 27 daAuts
